 Dungeon Crawl Stone Soup version 0.28-a0-233-gb8ca4b6547 (webtiles) character file.

Game seed: 14356816356345587868

821 dolemite99 the Ruffian (level 7, -5/66 HPs)
             Began as a Troll Fighter on Aug 22, 2021.
             Was an Initiate of Yredelemnul.
             Slain by Menkaure (17 damage)
             ... on level 5 of the Dungeon.
             The game lasted 00:07:54 (4708 turns).

dolemite99 the Ruffian (Troll Fighter)              Turns: 4708, Time: 00:07:54

Health: -5/66      AC:  6    Str: 26    XL:     7   Next: 63%
Magic:  6/6        EV:  8    Int:  5    God:    Yredelemnul [......]
Gold:   45         SH:  8    Dex:  9    Spells: 6/6 levels left

rFire   . . .      SeeInvis .     - Unarmed
rCold   . . .      Faith    .   b - +0 kite shield
rNeg    . . .      Spirit   .   D - +0 robe
rPois   .          Reflect  .   (helmet restricted)
rElec   .          Harm     .   E - +1 cloak
rCorr   .          Rampage  .   (gloves unavailable)
Will    .....                   (boots unavailable)
Stlth   +.........              (no amulet)
HPRegen 1.21/turn               (no ring)
MPRegen 0.10/turn               (no ring)

@: mighty
A: large, unfitting armour, claws 3, regeneration 1, shaggy fur 1, tough skin 1
a: Renounce Religion


You were on level 5 of the Dungeon.
You worshipped Yredelemnul.
Yredelemnul was noncommittal.
You visited 1 branch of the dungeon, and saw 5 of its levels.

You collected 195 gold pieces.
You spent 150 gold pieces at shops.

Inventory:

Hand Weapons
 a - a +0 fustibalus
 f - a +2 dagger of venom
 s - a +0 club
Missiles
 d - 152 stones (quivered)
 h - 101 arrows
 w - 17 sling bullets
Armour
 b - a +0 kite shield (worn)
 B - a +0 cloak
 D - a +0 robe (worn)
 E - a +1 cloak (worn)
Wands
 A - a wand of polymorph (8)
Scrolls
 e - 2 scrolls of magic mapping {unknown}
 i - 6 scrolls of identify {unknown}
 j - a scroll of blinking {unknown}
 k - 4 scrolls of teleportation {unknown}
 m - a scroll of brand weapon {unknown}
 n - a scroll of fog {unknown}
 q - a scroll of noise {unknown}
 t - a scroll of amnesia {unknown}
 v - a scroll of silence {unknown}
 y - a scroll of enchant weapon {unknown}
 z - a scroll of torment {unknown}
Potions
 c - a potion of might
 g - 2 potions of invisibility {unknown}
 l - a potion of degeneration {unknown}
 o - a potion of resistance {unknown}
 p - a potion of flight {unknown}
 r - 3 potions of curing {unknown}
 u - a potion of ambrosia {unknown}
 x - a potion of mutation {unknown}
 C - a potion of brilliance {unknown}


   Skills:
 - Level 2.4 Fighting
 + Level 1.5 Slings
 - Level 2.4 Dodging
 - Level 5.4 Shields
 - Level 6.0 Unarmed Combat


You had 6 spell levels left.
You didn't know any spells.
Your spell library contained the following spells:

 Spells                   Type           Power      Damage    Failure   Level
 Animate Skeleton         Necr           0%         N/A       75%         1
 Magic Dart               Conj           0%         1d3       75%         1
 Pain                     Necr           0%         1d4       75%         1
 Summon Small Mammal      Summ           0%         N/A       75%         1
 Call Imp                 Summ           0%         N/A       86%         2
 Call Canine Familiar     Summ           0%         N/A       98%         3
 Mephitic Cloud           Conj/Pois/Air  0%         N/A       98%         3
 Tukima's Dance           Hex            0%         N/A       98%         3
 Vampiric Draining        Necr           0%         2d6       98%         3
 Passage of Golubria      Tloc           N/A        N/A       100%        4
 Yara's Violent Unravell  Hex/Tmut       0%         3d3       100%        5
 Chain Lightning          Conj/Air       0%         N/A       100%        9


Dungeon Overview and Level Annotations

Branches:
Dungeon (5/15)
 Temple: D:4-7

Altars:
Yredelemnul

Shops:
D:1 (   D:5 (

Annotations:
D:3 3 runed translucent doors, gorlok231's ghost, amateur HuIE
D:5 Menkaure


Innate Abilities, Weirdness & Mutations

You are too large for most types of armour.
You have claws for hands.
Your natural rate of healing is unusually fast.
You are covered in fur. (AC +1)
You have tough skin. (AC +1)


Message History

You shoot a sling bullet.
The sling bullet closely misses the hound.
The hound closely misses you. The hound bites you but does no damage.
Menkaure, Prince of Dust comes into view.
You shoot a sling bullet.
The sling bullet barely misses the hound.
Menkaure shouts!
The hound bites you. You block the hound's attack.
Menkaure casts a spell.
Menkaure seems to speed up.
You shoot a sling bullet.
The sling bullet barely misses the hound.
The hound barely misses you. The hound bites you.
You shoot a sling bullet.
The sling bullet barely misses the hound.
Menkaure calls on the powers of darkness!
The hound convulses!
Your body is wracked with pain!
The hound bites you but does no damage. You block the hound's attack.
You are too injured to fight recklessly!
Okay, then.
You feel very mighty all of a sudden. The hound bites you.
The hound barely misses you.
You are now empty-clawed.
You block the hound's attack. The hound bites you.
You block the hound's attack.
Menkaure calls on the powers of darkness!
Your body is wracked with pain!
* * * LOW HITPOINT WARNING * * *
The hound convulses!
The hound closely misses you.
You barely miss Menkaure. You block Menkaure's attack. The hound bites you.
* * * LOW HITPOINT WARNING * * *
You barely miss Menkaure. Menkaure hits you.
* * * LOW HITPOINT WARNING * * *
The hound bites you.
* * * LOW HITPOINT WARNING * * *
Menkaure hits you!
You die...
Your body rises from the dead as a mindless zombie.

..>...........
##.............<..
#...............## .##
##.............####
..(###.............##
...(.#.............#
................##
#.............#
#M@..........#
##h..........# ..
#...........# ..#
##...........######
...#######..................
......#....#####..##........
..........## #..#.....####
.........## #.......##
........## ##......##


You could see Menkaure (fast) and a hound.

Vanquished Creatures
  An ogre (D:5)
  A bullfrog (D:4)
  A wyvern zombie (D:5)
  3 scorpions
  A howler monkey (D:5)
  A hound (D:5)
  2 bullfrog skeletons (D:5)
  An orc priest (D:4)
  An orc wizard (D:3)
  An iguana (D:3)
  A hound zombie (D:5)
  A howler monkey zombie (D:5)
  5 adders
  2 gnolls
  A howler monkey skeleton (D:4)
  An adder skeleton (D:4)
  2 worms
  A dart slug (D:1)
  16 orcs
  4 ball pythons
  5 bats
  10 endoplasms
  5 giant cockroaches
  8 goblins
  9 hobgoblins
  9 jackals (D:1)
  12 kobolds
  3 quokkas
  5 frilled lizards
  4 rats
117 creatures vanquished.

Notes
Turn   | Place    | Note
-------+----------+-------------------------------------------
     0 | D:1      | dolemite99 the Troll Fighter began the quest for the Orb.
     0 | D:1      | Reached XP level 1. HP: 22/22 MP: 0/0
    36 | D:1      | Got Hoilar's Almanac of Flying Calling
    60 | D:1      | Reached XP level 2. HP: 29/29 MP: 1/1
    78 | D:1      | Found Zexafestru's Weapon Shop.
   473 | D:1      | Found a faded altar of an unknown god.
   633 | D:1      | Reached XP level 3. HP: 36/36 MP: 2/2
   799 | D:1      | Reached skill level 3 in Unarmed Combat
  1521 | D:2      | Reached XP level 4. HP: 44/44 MP: 3/3
  2318 | D:3      | Found a runed translucent gate.
  2318 | D:3      | Found a runed translucent gate.
  2318 | D:3      | Found a runed translucent gate.
  2321 | D:3      | Noticed gorlok231's ghost (amateur HuIE)
  2590 | D:3      | Reached XP level 5. HP: 41/50 MP: 4/4
  2597 | D:3      | Reached skill level 4 in Unarmed Combat
  3092 | D:4      | Reached XP level 6. HP: 59/59 MP: 5/5
  3423 | D:3      | Reached skill level 5 in Unarmed Combat
  4158 | D:5      | Entered Level 5 of the Dungeon
  4158 | D:5      | Found Abruukil's Weapon Shop.
  4164 | D:5      | Bought a +0 fustibalus for 150 gold pieces
  4182 | D:5      | Reached skill level 5 in Shields
  4182 | D:5      | Reached XP level 7. HP: 62/66 MP: 6/6
  4376 | D:5      | Reached skill level 6 in Unarmed Combat
  4416 | D:5      | Reached skill level 1 in Slings
  4498 | D:5      | Found a basalt altar of Yredelemnul.
  4578 | D:5      | Became a worshipper of Yredelemnul the Dark
  4698 | D:5      | Noticed Menkaure
  4708 | D:5      | Slain by Menkaure

Illustrated notes

Levels and vault maps discovered:
D:1:      minmay_arrival_radiant_lines, layout_basic, serial_shops,
          nicolae_shop_behind_doors, shapermc_ecumenical_altar_mp_ritualfount,
          minmay_door_square
D:2:      layout_loops_cross
D:3:      layout_rooms, gammafunk_ghost_necromancy
D:4:      layout_loops_cross, hangedman_minor_gate_pass, uniq_sigmund
D:5:      layout_layer_cave, mainiacjoe_overflow_small_starburst, serial_shops,
          nicolae_shop_temple_entry_statues_fountains, uniq_menkaure

Skill      XL: |  1  2  3  4  5  6  7 |
---------------+----------------------+-----
Shields        | 3 4 5 |  5.4
Unarmed Combat | 3 4 5 6 |  6.0
Slings         | 1 |  1.5
Fighting       | |  2.4
Dodging        | |  2.4

Action                   |  1- 3 |  4- 6 |  7- 9 || total
-------------------------+-------+-------+-------++-------
Melee: Unarmed           |   101 |   196 |    10 ||   307
 Fire: Fustibalus        |       |    10 |    51 ||    61
Throw: Stone             |    19 |    13 |       ||    32
  Use: Potion            |       |       |     1 ||     1
 Stab: Sleeping          |       |     1 |       ||     1
Armor: Robe              |    33 |    31 |    13 ||    77
Dodge: Dodged            |    44 |    55 |    21 ||   120
Block: Kite shield       |    43 |    71 |    16 ||   130

Table legend: (Time is in decaauts)
 A = Elapsed time spent in this place.
 B = Non-inter-level travel time spent in this place.
 C = Inter-level travel time spent in this place.
 D = Time resting spent in this place.
 E = Time spent auto-exploring this place.
 F = Levels seen in this place.
 G = Mean time per level.
                   A        B        C        D        E       F      G
               +--------+--------+--------+--------+--------+-----+--------+
         Total |   4773 |   4683 |     90 |   1025 |   2243 |   5 |  954.6 |
       Dungeon |   4773 |   4683 |     90 |   1025 |   2243 |   5 |  954.6 |
               +--------+--------+--------+--------+--------+-----+--------+

Top non-repeatable levels by time:
     D:1: 1432 daAuts
     D:4: 1284 daAuts
     D:3: 802 daAuts
     D:2: 680 daAuts
     D:5: 573 daAuts
